 Dungeon Crawl Stone Soup version 0.13.0-11-g0187522 (webtiles) character file.

538 Leibowitz the Skirmisher (level 6, -6/39 HPs)
             Began as a Kobold Fighter on Oct 18, 2013.
             Mangled by an ogre
             ... wielding a +0,+0 giant club
              (16 damage)
             ... on Level 5 of the Dungeon.
             The game lasted 00:15:53 (5956 turns).

Leibowitz the Skirmisher (Kobold Fighter)           Turns: 5956, Time: 00:15:53

HP  -6/39        AC  6     Str 15      XL: 6   Next: 84%
MP   5/5         EV 14     Int  6      God:
Gold 202         SH 12     Dex 17      Spells:  0 memorised,  5 levels left

Res.Fire  : . . .   See Invis. : .   a - +0 short sword
Res.Cold  : . . .   Warding    : .   k - +2 leather armour
Life Prot.: . . .   Conserve   : .   c - +0 buckler
Res.Poison: .       Res.Corr.  : .   (no helmet)
Res.Elec. : .       Clarity    : +   (no cloak)
Sust.Abil.: . .     Spirit.Shd : .   p - +0 pair of gauntlets
Res.Mut.  : .       Stasis     : .   (no boots)
Res.Rott. : .       Flight     : +   l - amulet of clarity {unknown}
Saprovore : + + .                    (no ring)
                                     v - ring of sustenance {unknown}

@: flying, mildly poisoned, slowed, very slow, slightly resistant to hostile
enchantments, stealthy
A: disease resistance, carnivore 3, saprovore 2
a: no special abilities


You were on level 5 of the Dungeon.
You were completely stuffed.

You visited 1 branch of the dungeon, and saw 5 of its levels.

You collected 182 gold pieces.

Inventory:

Hand weapons
 a - a +0,+0 short sword (weapon)
Armour
 c - a +0 buckler (worn)
 k - a +2 leather armour (worn)
 p - a +0 pair of gauntlets (worn)
Comestibles
 d - 2 meat rations
 t - a rotting chunk of orc flesh
Scrolls
 e - 2 scrolls of curse weapon {unknown}
 f - 3 scrolls of teleportation {unknown}
 g - a scroll of enchant weapon I {unknown}
 i - 4 scrolls of identify {unknown}
 m - 2 scrolls of fear {unknown}
 q - a scroll of fog {unknown}
 s - a scroll of remove curse {unknown}
 w - a scroll of noise {unknown}
Jewellery
 l - an amulet of clarity (around neck) {unknown}
 v - a ring of sustenance (left hand) {unknown}
Potions
 n - a potion of restore abilities
 r - a potion of resistance


   Skills:
 * Level 4.3 Fighting
 + Level 3.6 Short Blades
 + Level 2.9 Armour
 * Level 4.0 Dodging
 * Level 2.6 Stealth
 * Level 3.5 Shields


You had 5 spell levels left.
You didn't know any spells.

Dungeon Overview and Level Annotations

Branches:
Dungeon (5/27)
 Temple: D:4-7

Altars:
Fedhas

Annotations:
D:3 Terence


Innate Abilities, Weirdness & Mutations

You recuperate from illness quickly.
You are small and have problems with some larger weapons.
You are carnivorous and can eat meat at any time.
You can eat rotten meat.


Message History

You feel refreshed.
It was a potion of restore abilities.
You block the bat's attack. The bat barely misses you.
Drink which item? (? for menu, Esc to quit)
You feel very buoyant.
You fly up into the air.
It was a potion of flight.
You feel sick. You block the bat's attack.
Drink which item? (? for menu, Esc to quit)
You feel yourself slow down.
It was a potion of slowing.
You hit the ogre.
The ogre is lightly wounded.
The ogre hits you with a giant club!
You hit the ogre.
The ogre is moderately wounded.
The ogre hits you with a giant club!
* * * LOW HITPOINT WARNING * * *
You hit the ogre.
The ogre is heavily wounded.
* * * LOW HITPOINT WARNING * * *
You feel sick. The ogre hits you with a giant club!
You die... ..fPPff.#

#.......
..fP_ff.#####......#
..ff..f.....#......#
...Pff..###........#
........# #......#
........# #.....%#
........# #...b..#
##.###### ####O###
##.# ##@# #..# #..#
#.## #.## #.# ###.#
#.# #...# #.#
###'#### #.#
#......# #.#
#......#
#.#########......#


You could see an ogre and a bat.

Vanquished Creatures
  A hound (D:3)
  A centaur zombie (D:5)
  An orc priest (D:3)
  A worker ant (D:3)
  An ogre zombie (D:3)
  An iguana (D:5)
  A gnoll (D:1)
  A giant mite (D:4)
  A worm (D:3)
  3 adders (D:3)
  An adder skeleton (D:3)
  A giant eyeball (D:5)
  4 giant geckos
  2 oozes (D:1)
  13 orcs
  A ball python (D:4)
  7 giant cockroaches
  13 goblins
  8 hobgoblins
  3 jackals (D:1)
  A quokka (D:5)
  10 bats
  3 giant newts
  2 hobgoblin skeletons (D:3)
  10 kobolds
  A kobold skeleton (D:3)
  An orc skeleton (D:4)
  13 rats
106 creatures vanquished.

Notes
Turn   | Place    | Note
--------------------------------------------------------------
     0 | D:1      | Leibowitz, the Kobold Fighter, began the quest for the Orb.
     0 | D:1      | Reached XP level 1. HP: 14/14 MP: 0/0
   603 | D:1      | Reached XP level 2. HP: 17/19 MP: 1/1
   976 | D:1      | Reached XP level 3. HP: 7/24 MP: 2/2
   977 | D:1      | Reached skill level 1 in Dodging
  1020 | D:1      | Reached skill level 1 in Stealth
  1929 | D:2      | Reached XP level 4. HP: 28/28 MP: 3/3
  3081 | D:3      | Noticed Terence
  3273 | D:3      | Reached XP level 5. HP: 30/33 MP: 4/4
  4366 | D:3      | Reached skill level 4 in Fighting
  4366 | D:3      | Reached XP level 6. HP: 26/39 MP: 5/5
  5470 | D:5      | Entered Level 5 of the Dungeon
  5662 | D:5      | Found a blossoming altar of Fedhas.
  5956 | D:5      | Mangled by an ogre

Action                   |  1- 3 |  4- 6 || total
-------------------------+-------+-------++-------
Melee: Short sword       |   144 |   386 ||   530
  Use: Potion            |     1 |     7 ||     8
 Stab: Sleeping          |       |     2 ||     2
